[Event "World U20-ch22"]
[Site "Belfort"]
[Date "1983.08.16"]
[Round "5"]
[White "Saeed, Saeed Ahmed"]
[Black "Georgiev, Kiril"]
[Result "0-1"]
[ECO "E11"]
[WhiteElo "2390"]
[BlackElo "2410"]
[Annotator "Bulletin/Primel,D"]
[PlyCount "82"]
[EventDate "1983.08.12"]
[EventType "swiss"]
[EventRounds "13"]
[EventCountry "FRA"]
[SourceTitle "EXT 2004"]
[Source "ChessBase"]
[SourceDate "2003.11.25"]
[SourceVersion "1"]
[SourceVersionDate "2003.11.25"]
[SourceQuality "1"]
[TimeControl "40/9000:16/5400:0"]

1. d4 {Un premier match au sommet opposant le leader SAEED qui avait 4/4 au
second comptant 3,5/4} Nf6 2. c4 e6 3. Nf3 Bb4+ (3... b6) 4. Bd2 (4. Nc3 {
l'alternative}) (4. Nbd2 ) 4... c5 $5 (4... Qe7 {La variante
principale qui est très solide mais un peu passive} 5. g3 Nc6 6. Bg2 Bxd2+ 7.
Nbxd2 d6 8. O-O O-O 9. e4 e5 10. d5 Nb8 11. Ne1 a5 12. Nd3 Na6 13. f4 $1 $14) (4... a5 5. Bxb4 axb4 6. Nbd2 d6) 5. Bxb4 {la ligne critique contre 4. c5 qui est assez
risqué} cxb4 6. g3 O-O (6... b6 7. Bg2 Bb7 8. O-O O-O 9. Qb3 $1 a5 10. a3 Na6
11. Nbd2 $14) 7. Bg2 d6 8. O-O Nc6 $146 {[%cal Ge6e5,Gc8g4,Gc6b4] La
nouveauté préparée par le bulgare pour préparer la poussée "e5" et
libérer le B de cases blanches} (8... Qe7 9. a3 Na6 {Vasilev,N-Vitolinsh,A 
(2470) URS-ch sf Severodonetsk 1982 0-1} (9... bxa3 10. Rxa3)) 9. a3 $1 {
la forte réponse à la nouveauté pour activer la R sur la colonne "a"} (9. d5
) 9... bxa3 10. Rxa3 $14 (10. Nxa3 e5 11. Nb5 (11. d5 Nb4)) 10... e5 11. Nc3
Bg4 12. d5 {enferme le Bg2 mais gagne de l'espace} Bxf3 13. Bxf3
Nb4 $5 {[%csl Rb4] Le N manque de soutien} (13... Nd4 14. Bg2 ) (
13... Ne7) 14. e4 (14. Ra4 Qb6 15. Nb5 e4 (15... a5 16. Qb3 Nd7 17. Ra3 Nc5 18.
Qc3 f5 19. Rfa1 Rf6 20. Qd2 (20. Qxb4 $2 axb4 21. Rxa8+ Rf8 22. Rxf8+ Kxf8 23.
Ra8+ Ke7 $17)) 16. Bg2 Nbxd5 17. Nxd6 $1) 14... Qb6 {Le début d'un plan
intéressant de pression sur les cases noires "d4" et "b2"} 15. Qd2 (15. Qb3 a5 16. Rfa1 Nd7 ) 15... a5 16. Kg2 Qc5 17. Be2 Qd4
$5 $132 {[%csl Re2] Avec un bon jeu Noir (Goldenberg)} 18. Qxd4 (18. Rd1) 18...
exd4 19. Nb5 Nxe4 20. Nxd4 Rfe8 $44 21. Rfa1 (21. Re3) 21... b6 22. Re3 Kf8 23.
Bf3 Nc5 24. Rc3 Nbd3 25. Rb1 (25. Nb5) 25... Re5 26. Nb5 Rd8 27.
Kf1 $6 Rf5 $132 {[%csl Rf2] Les pièces Noires sont nettement plus actives et
mieux coordonnées} 28. Kg2 Rf6 29. Nd4 Re8 30. g4 $2 (30.
Rd1 $142 Ne1+ 31. Kf1 Nxf3 32. Rxf3 $11) 30... Rf4 $17 (
30... Nf4+ 31. Kg1 Ne4 $36) 31. Nc2 Ne5 $36 32. b3 Nxg4
33. Bxg4 Ne4 34. Re3 Rxg4+ 35. Kf3 h5 36. Rd1 g5 37. Re2 Re5 38. h3 Rf5+ 39.
Ke3 Rgf4 40. Rf1 Rf3+ 41. Kd4 Nd2 {Avec ce gain, le bulgare et futur champion
du Monde prend la tête du tournoi.} 0-1

[Event "Olympiad-39"]
[Site "Khanty-Mansiysk"]
[Date "2010.09.22"]
[Round "2.1"]
[White "Carlsen, Magnus"]
[Black "Galego, Luis"]
[Result "1-0"]
[ECO "E11"]
[WhiteElo "2826"]
[BlackElo "2500"]
[Annotator "CB"]
[PlyCount "87"]
[EventDate "2010.09.21"]
[EventType "team-swiss"]
[EventRounds "11"]
[EventCountry "RUS"]
[SourceTitle "CBM 139"]
[Source "ChessBase"]
[SourceDate "2010.11.18"]
[SourceVersion "1"]
[SourceVersionDate "2010.11.18"]
[SourceQuality "1"]
[WhiteTeam "Norway"]
[BlackTeam "Portugal"]
[WhiteTeamCountry "NOR"]
[BlackTeamCountry "POR"]
[TimeControl "40/5400+30:1800+30"]

1. d4 Nf6 2. c4 e6 3. Nf3 Bb4+ 4. Bd2 Bxd2+ 5. Qxd2 d5 6. g3 O-O 7. Bg2 Nbd7 8.
Qc2 c6 9. Nbd2 Qe7 10. O-O e5 11. cxd5 Nxd5 12. e4 {White's plan is to play
his center majority against black's queenside majority.} N5f6 $6 ({The usual
move is} 12... N5b6) 13. Rfe1 exd4 14. e5 Nd5 15. Nxd4 N7b6 16. f4 $1 Nb4 17.
Qe4 {White has achieved what he wanted and is clearly to be favored.} Rd8 18.
N2f3 Bg4 19. Rad1 Bxf3 $2 {Why play this without being forced to?} 20. Bxf3 Qc5
{#} ({Black would still be in big trouble after} 20... Nxa2 21. f5 $1 Nd5 22.
f6 $1 {and his position would collapse after} gxf6 $6 23. Nf5 $1 Qf8 24. Qh4 b6
25. Bxd5 Rxd5 26. Nh6+ Kh8 (26... Kg7 27. Qxf6#) 27. Qxf6+ Qg7 28. Nxf7+ Kg8
29. Qxc6) 21. e6 $1 fxe6 22. Kh1 Qd5 23. Qe3 Qxa2 24. Nxe6 Rxd1 25. Rxd1 {
The threat of Qe5 is very tough to meet.} Qxb2 $2 26. Nd8 $1 {This lovely move
wins by force.} Qf6 27. Qe8+ Qf8 28. Qe6+ Kh8 29. Nf7+ Kg8 {#} 30. Rd8 $1 Rxd8
31. Nxd8+ Kh8 32. Nf7+ Kg8 33. Ng5+ Kh8 34. Qe4 g6 35. Qd4+ Qg7 36. Qxb4 $2 {
Winning a piece and no doubt the game, but he had a stronger continuation all
the same.} (36. Qd8+ Qg8 37. Qf6+ Qg7 38. Nf7+ Kg8 39. Nh6+ $1 {Undoubtedly
the move that Carlsen missed.} Qxh6 40. Bg4 $1 {and the threat of Be6 is
unstoppable.}) 36... h6 37. Ne4 Nd5 38. Qa3 b5 39. Qc5 b4 40. Qxc6 Qa1+ 41. Kg2
Ne3+ 42. Kf2 Qd4 43. Qe8+ Kg7 44. Qe7+ 1-0

[Event "Paris FIDE GP"]
[Site "Elancourt"]
[Date "2013.10.02"]
[Round "9"]
[White "Bacrot, Etienne"]
[Black "Wang, Hao"]
[Result "1/2-1/2"]
[ECO "E11"]
[WhiteElo "2723"]
[BlackElo "2747"]
[Annotator "ChessBase Website"]
[PlyCount "80"]
[EventDate "2013.09.22"]
[EventType "tourn"]
[EventRounds "11"]
[EventCountry "FRA"]
[EventCategory "20"]
[SourceTitle "CBM 157"]
[Source "ChessBase"]
[SourceDate "2013.11.12"]
[SourceVersion "1"]
[SourceVersionDate "2013.11.12"]
[SourceQuality "1"]
[TimeControl "40/7200:20/3600:900+30"]
[WhiteClock "2:00:00"]
[BlackClock "2:00:00"]

1. d4 Nf6 2. c4 e6 3. Nf3 Bb4+ 4. Bd2 Bxd2+ 5. Qxd2 d5 6. g3 O-O 7. Bg2 Nbd7 8. O-O c6 9. Rc1 b6 10. b4 a5 11. b5 cxb5 12. cxb5 Bb7 13.
Qb2 Qe7 14. Nbd2 $146 (14.
Rc7 Rab8 15. Qa3 Qxa3 16. Nxa3 Rfc8 17. Rac1 Ne8 18. Rxc8 Rxc8 19. Rxc8 Bxc8
20. Nd2 Bb7 21. f4 Nd6 22. Ndb1 Kf8 23. Nc3 Ke7 24. Kf2 Nf6 25. h3 Nfe8 26. e3
Nc7 27. g4 Bc8 28. Bf1 Bd7 29. Bd3 f5 30. gxf5 exf5 31. h4 g6 32. Kg2 Ke6 33.
Kf1 Be8 34. Ke2 Ke7 35. Ke1 Ke6 36. Ke2 Ke7 37. Ke1 Ke6 {1/2-1/2 (37) Atalik,S
(2592)-Shanava,K (2519) Kocaeli 2008}) 14... Rfc8 15. e3 h6 16. Rxc8+ Rxc8 17. Rc1 Qf8 18. Rc3 Ne4 19. Rxc8 Qxc8 20. Nb1 Ndf6 21. Nfd2 Nxd2 22. Nxd2 Ne4 23. Nb1 h5 24. Bf1 {[%emt 0:04:56][%csl Gc6] The players kept trying
in an equal position that resulted from a Bogo-Indian. Bacrot had a minimal
edge in space because of his more advanced queenside pawns but by no means did
this grant him anything tangible. After trying to outplay Wang Hao somehow the
players agreed to a draw in move 40 after basically exhausting their resources.
} h4 25. Bd3 hxg3 26. hxg3 Qc7 27. Kg2 Nd6 28. Qc3 Qd7 29. a4 e5 30. Kg1 e4 31. Be2 g6 32. Nd2 Kg7 33.
Bd1 f6 34. f4 exf3 35. Bxf3 Nf7 36. Bg2 Ng5 37. Qc2 Qe7 38. Kf2 Qd7 39. Kg1 Qe7 40. Kf2 Qd7 1/2-1/2

[Event "Khanty-Mansiysk FIDE GP (Women)"]
[Site "Khanty-Mansiysk"]
[Date "2014.04.20"]
[Round "10"]
[White "Girya, Olga"]
[Black "Kosintseva, Tatiana"]
[Result "1-0"]
[ECO "E11"]
[WhiteElo "2450"]
[BlackElo "2496"]
[Annotator "ChessBase Website"]
[PlyCount "81"]
[EventDate "2014.04.09"]
[EventType "tourn"]
[EventRounds "11"]
[EventCountry "RUS"]
[EventCategory "10"]
[SourceTitle "CBM 160"]
[Source "ChessBase"]
[SourceDate "2014.05.15"]
[SourceVersion "1"]
[SourceVersionDate "2014.05.15"]
[SourceQuality "1"]
[TimeControl "40/5400+30:1800+30"]
[WhiteClock "1:30:00"]
[BlackClock "1:30:00"]

1. d4 Nf6 2. c4 e6 3. Nf3 Bb4+ 4. Bd2 c5 5. Bxb4 cxb4 6. e3 O-O 7. Bd3 d6 8. O-O Re8 (8... Nc6 9. Nbd2 e5 10. d5 Ne7
11. a3 bxa3 12. Rxa3 Bg4 13. h3 Bh5 14. Be2 a5 15. Ne1 Bg6 16. Bd3 Nd7 17. Bxg6
hxg6 18. Nd3 Qc7 19. Qa4 Ra6 20. Rc1 Rc8 21. b4 axb4 22. Qxb4 Rxa3 23. Qxa3 f5
24. Qb4 b6 25. Ra1 g5 26. Qb5 e4 27. Nb4 Ne5 28. Ra6 Rb8 29. Ra2 Rc8 30. Ra6
Rb8 31. Ra2 Rc8 {1/2-1/2 (31) Dreev,A (2607)-Adams,M (2729) Moscow 2007}) 9.
Qc2 h6 $146 (9... a5 10. Nbd2 Nc6 11. Ng5 h6
12. Nge4 Nxe4 13. Bxe4 Bd7 14. Nf3 Rc8 15. b3 e5 16. dxe5 dxe5 17. Rad1 Qe7 18.
Qe2 Rcd8 19. Rd2 Bc8 20. Rfd1 Rxd2 21. Rxd2 f5 22. Bd5+ Kh7 23. Qd1 e4 24. Bxc6
bxc6 25. Nd4 Qf6 26. Ne2 Be6 27. Rd6 c5 28. Nf4 Qe5 29. h3 Bf7 30. Rd7 Kg8 31.
Ra7 Qf6 32. Qd7 Rd8 33. Qc7 Rd1+ 34. Kh2 Rd2 35. Ra8+ Kh7 36. Rf8 Rxf2 37. Rxf7
Qg5 38. Qe5 Rxa2 39. Rxf5 {Sachdev,T (2425)-Hou,Y (2578) Beijing 2008 1-0}) 10.
Rd1 Qe7 11. Nbd2 e5 12. c5 e4 13. cxd6 Qe6 14. Bc4 Qxd6 15.
Ne5 Be6 16. Nxe4 Nxe4 17. Qxe4 Nd7 18. Bxe6 Qxe6 19. Qxb7 Nxe5 20. dxe5 Qxe5 21. Rd4 a5 22. Rad1 Rac8 23. Rd7 Qf6 24. R7d2 Rc5 25. h3 Rg5 26. Qd7 Rf8 27. Qb7 Qe6 28. h4 Rg4 29. Qc7 a4 30.
Rd8 Rxd8 31. Rxd8+ Kh7 32. Qc2+ f5 33. Rf8 Rxh4 34. Rxf5 Qg6 {[%emt 0:01:30] A
beautiful tactical stroke in the opening gave Girya a winning advantage, with
an extra pawn and a powerful position. Her technique allowed her opponent back
into the game, and maybe Kosintseva could have found a stiffer defense to try
to hold the rook endgame down a pawn, but she didn't and Girya won a trivially
easy rook and pawn endgame.} (34... Rc4) 35. Rc5 Qxc2 36. Rxc2 Kg6 37. Rc6+ Kf7 38. Ra6 Rc4 39. Rxa4 Rc1+ 40. Kh2 Rc2 41. Rxb4 1-0

[Event "Sautron op 13th"]
[Site "Sautron"]
[Date "2013.10.30"]
[Round "6"]
[White "Ider, Borya"]
[Black "Riff, Jean Noel"]
[Result "1/2-1/2"]
[ECO "E11"]
[WhiteElo "2377"]
[BlackElo "2445"]
[Annotator "Ftacnik,L/Primel,D"]
[PlyCount "79"]
[EventDate "2013.10.26"]
[EventType "swiss"]
[EventRounds "9"]
[EventCountry "FRA"]
[SourceTitle "EXT 2016"]
[Source "ChessBase"]
[SourceDate "2015.10.08"]
[SourceVersion "1"]
[SourceVersionDate "2015.10.08"]
[SourceQuality "1"]
[TimeControl "40/5400+30:1800+30"]
[WhiteClock "1:30:00"]
[BlackClock "1:30:00"]

1. d4 Nf6 2. Nf3 e6 3. g3 d5 4. c4 {[%emt 0:00:
00] Transposant sur une Catalane} Bb4+ 5. Bd2 Be7 6. Bg2 O-O 7. O-O c6 8. Qb3 {[%emt 0:01:43][%cal Gd2b4] Une
idée intéressante pour échanger le bon B des Noirs par Bb4} (8. Qc2) (8. Bf4
) 8... Nbd7 (8... a5 $142 $1 {Un coup multifonction qui
empêche Bb4 tout en menaçant de gagner de l'espace à l'aile-dame avec la
poussée a5a4 avec gain de temps sur la Q} 9. Rd1 Nbd7 10. Bf4 {Mamedyarov,S 
(2775)-Kovalenko,I (2644) World Cup ACP rapid 2013 (1.1) 1/2}) (8... b6) 9. Bb4 (9. Rc1 Nb6 10. Ba5 dxc4 11. Qd1 Qd5 12. Bc3 Qb5 13. a4 Qa6
14. Nbd2 Nbd5 15. Ne5 c5 16. Ndxc4 Nxc3 17. bxc3 Nd7 18. Qb3 Rb8 19. Qb5 Qxb5
20. axb5 cxd4 21. cxd4 Nxe5 22. Nxe5 f6 23. Nc4 Bd7 24. b6 axb6 25. Nxb6 Be8
26. Rab1 Bg6 27. Ra1 Rfd8 28. e3 Bd3 29. Bh3 f5 30. Bf1 Bxf1 31. Kxf1 Rd6 32.
Rcb1 Bd8 33. Nc4 Rd7 34. Ne5 Rc7 35. Ra6 b6 36. Kg2 Bf6 37. Nd3 Rcb7 38. Rb5
Bd8 {Kramnik,V (2799)-Leko,P (2730) Dortmund 2012 1/2-1/2 (134)}) 9... Bxb4 10. Qxb4 a5 (10... Qb6 $5)
11. Qc3 b5 $11 12. c5 b4 {[%emt 0:00:14][%cal Gc8a6] Gagnant un tempo important} 13. Qc2 Ba6 14. Re1 (14. a3 $5 {
[%csl Ga1][%cal Ga1a8] Un coup candidat naturel dans ce genre de structure} b3
$1 15. Qxb3 Bxe2 $132) 14... Ne4 15. Nbd2 f5
$5 $146 (15... Nxd2 16. Qxd2 Qc7 17. a3 Bc4 18. Qc2 e5 19. b3
Ba6 20. e4 exd4 21. Nxd4 bxa3 22. exd5 cxd5 23. Bxd5 Rac8 24. c6 Ne5 25. Be4
Rfd8 26. Qc3 g6 27. Rxa3 Qb6 28. Rxa5 Rxd4 29. Rxe5 Rb4 30. Bd5 {1-0 (30)
Romanishin,O (2571)-Landa,K (2623) Kaskady 2002}) 16. Ne5 (16.
a3 e5 $13 {Ftacnik,L}) 16... Nxe5 17. dxe5 Nxd2 $5 {[%emt 0:05:29] Evitant la manoeuvre Nf3d4 occupant une case forte} (
17... Qc7 18. f4 (18. Nf3 Bc4 19. Nd4 Qxe5) 18... g5 19. Kh1 gxf4 20. gxf4 Kh8
21. Nxe4 fxe4 22. e3 Rg8 23. Rg1 Qf7 (23... Rg7 24. Bh3 Qe7 25. Rxg7 Kxg7 26.
Rg1+) 24. Qf2 Qh5 $36) 18. Qxd2 Qb8 $1 19. Qd4 Qb5 20. Rac1 (20. a3 $5) 20... Ra7 21. f4 Qa4 22. Ra1 Qb5 23. Kf2 $1 Qc4 24. Ke3 Rb8 25. Qxc4 Bxc4 26. Kd4 a4 27. e4 (27. e3) (27. Bf1) 27... fxe4 28.
Bxe4 Bxa2 (28... a3 29. b3 Bxb3 $17) 29. Rxa2 dxe4 30. Rea1 Rba8 31. Kxe4 Ra5 (31... a3) 32. Kd4 a3 33. bxa3 bxa3 34. Kc4 Ra4+ 35. Kb3 {[%emt 0:00:51] Le
P a3 va tomber mais le K Blanc est un peu exposé} Re4 36.
Rxa3 Re3+ 37. Kb2 (37. Kb4)
37... Re2+ 38. Kb3 Re3+ 39.
Kb2 (39. Kb4 Re4+) 39... Re2+ 40. Kb3 1/2-1/2

[Event "EU-ch 12th"]
[Site "Aix les Bains"]
[Date "2011.03.26"]
[Round "5"]
[White "Pashikian, Arman"]
[Black "Paichadze, Luka"]
[Result "1-0"]
[ECO "E11"]
[WhiteElo "2642"]
[BlackElo "2487"]
[Annotator "Marchand,A/Primel,D"]
[PlyCount "65"]
[EventDate "2011.03.22"]
[EventType "swiss"]
[EventRounds "11"]
[EventCountry "FRA"]
[SourceTitle "CBM 142 Extra"]
[Source "ChessBase"]
[SourceDate "2011.06.27"]
[SourceVersion "1"]
[SourceVersionDate "2011.06.27"]
[SourceQuality "1"]
[TimeControl "40/5400+30:1800+30"]

1. d4 Nf6 2. c4 e6 3. g3 Bb4+ 4. Bd2 Bxd2+ (4... a5) (4... Qe7) (4... Be7 5.
Bg2 d5 6. Nf3 O-O 7. O-O c6 8. Qc2 Nbd7 9. Bf4 (9. Rd1) 9... Nh5 10. Bc1 f5 11.
Nbd2 (11. b3) 11... Bd6 12. Ne1 Qe7 13. Nd3 b6 14. b4 Bb7 (14... Bxb4 $2 15.
cxd5 cxd5 16. Nxb4 Qxb4 17. Qc6 ) 15. a4 Nhf6 16. Rb1 {
Stohl,I (2560)-Tkachiev,V Manila ol (Men) 1992 1-0} (16. a5 $14 {Bologan})) 5.
Qxd2 O-O 6. Bg2 {89} d5 (6... d6 7. Nf3 Qe7 8. O-O e5 9. Nc3 Re8 10. e4 Bg4 11.
Ne1 (11. Nh4 exd4 12. Qxd4 c5 13. Qd3 Nc6 14. f4 Nd4 15. Rae1 Bd7 16. Nf3 Nxf3+
17. Bxf3 Rad8 18. Re2 a6 19. Rfe1 $14) 11... Nc6 12. d5 Nd4 13. Nb5 Nxb5 14.
cxb5 Bd7 15. a4 a6 16. bxa6 Rxa6 17. a5 c6) 7. Nf3 Nbd7 8. O-O {86} c6 9. Rc1 {
86} b6 10. b4 {68 Premier coup hors préparation} (10. Qf4 Bb7 11. Nbd2 Re8 12.
b4 a5 13. a3 axb4 14. axb4 c5 15. bxc5 Rxa1 16. Rxa1 bxc5 17. Qd6 e5 18. cxd5
exd4 19. Ng5 Re5 20. Ne6 fxe6 21. dxe6 Bxg2 22. exd7 Rxe2 23. Kxg2 Rxd2 24. Ra7
h5 {Sasikiran,K (2681)-Jobava,B (2710)/Khanty Mansiysk 2010/CBM 139/1/2-1/2 
(31)}) 10... Bb7 11. Qb2 {66} Qe7 (11... a5 12. cxd5 Nxd5 13. bxa5 Rxa5 14.
Nbd2 Qe7 15. Nc4 Rb5 16. Qc2 c5 17. e4 Nb4 18. Qa4 Bxe4 19. Ne1 Bxg2 20. Kxg2
Ra5 21. Nxa5 bxa5 22. dxc5 Nxc5 23. Qxa5 Ne4 24. Rc4 Nc6 25. Qb6 {1-0 Van Wely,
L (2675)-Kacheishvili,G (2599)/Philadelphia 2011/Mega2011 Update 28}) 12. Nbd2
{64} Rfe8 $146 (12... Rfb8 13. a4 a5 14. b5 c5 15. dxc5 bxc5 16. Qa3 Kf8 17. e3
Rc8 18. Ne1 Nb6 19. Ra2 Rc7 20. Nd3 Rac8 21. Rac2 Ne4 22. cxd5 exd5 23. Nxe4
dxe4 24. Nxc5 Kg8 25. Bh3 Rd8 26. Qa1 Bd5 27. Ne6 {Bischoff,K (2555)-Tereick,B
(2155)/Bad Zwesten 2005/CBM 104 ext/1-0}) 13. e3 {56} Rab8 (13... a5 $142) 14.
Rab1 Qf8 15. c5 $1 {[%csl Rb7] La position Noire est trés passive}
Ba6 16. Qc2 (16. Qa3 ) 16... Be2 $6 (16... e5 $5 {Plus naturel}
17. dxe5 Ng4 18. Bh3 Ngxe5 $132) 17. e4 $1 {29} dxe4 (17... bxc5) 18. Nxe4 Bxf3
19. Bxf3 {29} Nxe4 20. Bxe4 Nf6 21. cxb6 (21. Bxc6 {[%csl Gc5][%cal Gc5c8]
Semblait plus simple} Red8 22. Rd1) 21... Rxb6 22. a3 {[%csl Gb4,Rc6] 28} Qd6 (
22... Nxe4 23. Qxe4) 23. b5 {13} (23. Bxc6 $142 Rc8 24. b5 Qxa3 25. Ra1 Qe7 26.
Qa2 Rc7 27. Rc4 $16 ) 23... Nxe4 (23... cxb5 $5 $132 ) 24. Qxe4 Qxa3 $2 (24... cxb5 $8) 25. bxc6 $1 Rxb1 (25...
Rc8 26. c7 Qd6) 26. Qxb1 Qd6 27. Qb5 Qc7 28. d5 exd5 29. Qxd5 h6 30. h4 (30. Qd7) 30... Rd8 31. Qf3 Rd6 $4 32. Qf4 h5 33. Qxd6 1-0

[Event "EU-ch 12th"]
[Site "Aix les Bains"]
[Date "2011.03.23"]
[Round "2"]
[White "Zarkua, Davit"]
[Black "Nyback, Tomi"]
[Result "0-1"]
[ECO "E11"]
[WhiteElo "2397"]
[BlackElo "2656"]
[Annotator "Marchand,A/Primel,D"]
[PlyCount "126"]
[EventDate "2011.03.22"]
[EventType "swiss"]
[EventRounds "11"]
[EventCountry "FRA"]
[SourceTitle "CBM 142 Extra"]
[Source "ChessBase"]
[SourceDate "2011.06.27"]
[SourceVersion "1"]
[SourceVersionDate "2011.06.27"]
[SourceQuality "1"]
[TimeControl "40/5400+30:1800+30"]

1. d4 d5 2. c4 e6 3. Nf3 Nf6 4. g3 Bb4+ 5. Bd2 Be7 (5... Bd6) (5... a5) 6. Bg2
O-O 7. Qc2 (7. O-O c6 8. Qc2 (8. Bf4)) 7... c6 8. O-O b6 (8... Nbd7 9. Rd1 b6 (
9... b5)) 9. Bf4 (9. Rd1 Bb7 10. Nc3 Nbd7 (10... dxc4 11. Ne5 Qxd4 12. Bf4 Qc5
13. Na4 Qb4 14. a3 Qb3 15. Qxc4 Qxc4 16. Nxc4 Ba6 (16... b5 $2 17. Na5) 17. Ne5
$14) 11. Bf4 Nh5 12. Bc1 (12. Bd2 f5 13. cxd5 exd5 14. Bh3 g6 15. Bh6 Ng7 16.
e3)) 9... Ba6 10. Nbd2 Nbd7 11. Rfc1 ({RR} 11. Rfe1 Nh5 12. Ne5 Nxe5 13. Bxe5
f6 14. Bf4 Nxf4 15. gxf4 Bb4 16. Red1 Qd6 17. Nf1 dxc4 18. a3 Ba5 19. f5 Kh8
20. Ne3 b5 21. Qe4 Bb7 22. Qxe6 Qc7 23. Qe4 Rae8 24. Qg4 Bb6 25. Nf1 Bc8 {
Wang Hao (2724)-Aronian,L (2783)/Shanghai 2010/CBM 138/0-1 (35)}) (11. b3 Nh5)
11... Nh5 (11... Rc8) 12. Be3 Bb7 $146 (12... Nhf6 {[%emt 0:33:30] Postny,E 
(2595)-Movsesian,S (2723)/ CRO-chT1A 19th (2)/1/2-1/2}) 13. Ne1 f5 14. Nd3 Bd6 15. cxd5 exd5 16. f4 $5 Qe8 $132 17. Ne5 Nxe5 18. dxe5 Be7 19. Bf2 g6 (19... g5) 20. Nf3 Ng7 21. a4 c5 22.
a5 (22. b4 $1 ) 22... Ne6 $132 23. Qb3 (
23. a6 Bc6) 23... b5 24. a6 Bc6 25. Nd4 Nc7 26. Nxc6 Qxc6 27. Qa3 Ne6 28. Rd1
Rfd8 29. Qf3 Nc7 30. g4 Qe6 31. gxf5 gxf5 32. Qh5 Kh8 33. Ra3 $1 Rg8 34. Rh3 Rg7 35. Qh6 Rd8 (35... Rag8 36. Bg3) 36. e3 d4 37. Qxe6 Nxe6 38.
Rh6 (38. Kf1) 38... Rg6 39. Rxg6 hxg6 40. exd4 cxd4 41. Bf1 (41. Kf1 Bc5 (41...
Nxf4 $2 42. Rxd4)) 41... Bc5 42. Bxb5 Nxf4 43. Kf1 Nh3 44. e6 Nxf2 $1 45. Kxf2
Rb8 46. b4 $1 {Espérant sauver la nulle en transposant dans
une finale de B de couleurs opposées} Bxb4 47. Rb1 Bd6 48. Bd3 Rxb1 49. Bxb1
Kg7 50. h3 Kf6 51. Ba2 Ke5 52. Kf3 Bc5 53. Bc4 g5 $1 54. Ke2 Kf4 55. Bd3 Bd6
56. Bc2 Ke5 57. Kd3 (57. Bb3 ) 57... Bc5 $17 58. Kc4 Be7 59. Ba4
Bf6 60. Bd7 (60. Kd3) 60... Ke4 61. Be8 d3 62. Bg6 d2 63. Bh5 g4 0-1

[Event "Metz op 31th"]
[Site "Metz"]
[Date "2013.04.24"]
[Round "4"]
[White "Jankovic, Alojzije"]
[Black "Lagarde, Maxime"]
[Result "1-0"]
[ECO "E11"]
[WhiteElo "2537"]
[BlackElo "2532"]
[Annotator "Metz Alekhine/Primel,D"]
[PlyCount "64"]
[EventDate "2013.04.20"]
[EventType "swiss"]
[EventRounds "9"]
[EventCountry "FRA"]
[SourceTitle "EXT 2016"]
[Source "ChessBase"]
[SourceDate "2015.10.08"]
[SourceVersion "1"]
[SourceVersionDate "2015.10.08"]
[SourceQuality "1"]
[TimeControl "40/5400:1800+30"]
[WhiteClock "1:30:00"]
[BlackClock "1:30:00"]

1. d4 Nf6 2. c4 e6 3. Nf3 Bb4+ 4. Bd2 a5 (4... Qe7) 5. g3 d6 6. Bg2 Nbd7 7. O-O
e5 8. Nc3 (8. e3 c6 9. Bc3 e4 10. Ne1 O-O 11. a3 Bxc3 12. Nxc3 Re8 13. f3 exf3
14. Qxf3 Nb6 15. b3 a4 16. c5 dxc5 17. dxc5 Qd2 18. Nxa4 Nxa4 19. bxa4 Qxe3+
20. Qxe3 Rxe3 21. Rf4 Rc3 22. Rd4 Be6 23. Rb4 Rxc5 24. Rxb7 h6 25. Nd3 Rc3 26.
Ne5 Rxa4 27. Nxc6 Rcxa3 28. Rxa3 Rxa3 29. Rb1 Ra2 30. Nd4 Bd7 31. Rf1 Rd2 32.
Nf3 Rd6 33. Ne5 Be6 34. Nc6 Ng4 35. Re1 Rd2 36. Ne7+ Kh8 37. Ng6+ fxg6 {
Bacrot, E (2705)-Fressinet,L (2706) Calvi 2013 1/2-1/2}) 8... exd4 (8... O-O {
Plus souple que l'abandon du centre} 9. Qc2 Re8 (9... c6)) 9. Nxd4 Ne5 (9...
O-O {la grande ligne mais le français va préférer sortir rapidement de la
théorie}) 10. b3 O-O $146 (10... c6 11. Nc2 Bc5 12. Na4 Ba7 13. Bf4 Qc7 14.
Qd2 O-O 15. Rad1 Bb8 16. Kh1 Bf5 17. Nd4 Bg6 18. Nc3 a4 19. Bg5 axb3 20. axb3
Ned7 21. e4 Re8 22. f3 h6 23. Be3 Nc5 24. Bg1 Qb6 25. Rb1 Qc7 26. Rfd1 Qe7 27.
Nf5 Bxf5 28. exf5 Bc7 29. Bd4 Rad8 30. b4 Ncd7 31. Re1 Qf8 32. f4 Bb6 33. b5
Bxd4 34. Qxd4 Nb8 35. h3 Re7 36. Rbd1 Qe8 37. Rxe7 Qxe7 38. Kh2 Qd7 39. Qa7 Qc8
40. Ne4 {Nielsen,P (2405)-Fyllingen,R (2330) Gausdal 1992 1/2-1/2 (62)}) 11.
Nd5 Nxd5 (11... Bc5 12. Bc3 c6) 12. cxd5 Bc5 13. Bc3 {les Blancs
ont un petit avantage d'espace} c6 $6 {Les Noirs n'auront pas assez de
compensations pour le P perdu} (13... Re8) (13... Bd7 ) 14. dxc6
Nxc6 15. Nxc6 bxc6 16. Bxc6 Bh3 17. Bg2 Bxg2 18. Kxg2 d5 $6 {[%cal Ga8a6,Ga6h6,
Gd8d7,Gd7h3] L'idée de la poussée d6d5 pour amener la Ra6 à l'aile-roi
comme dans un gambit de Budapest mais le P isolé "d5" est faible} 19. e3 (19.
Rc1 d4) 19... Ra6 (19... a4 20. b4) 20. Bd4 (20. Rc1 Ba3
21. Qd4 $36) 20... Ba3 21. Qf3 Qd7 22. Rfd1 Rd8 (22...
Rh6 23. h4) 23. Rd3 $1 {[%cal Ga1d1] le Ba3 empêche le développement Rac1
mais les Blancs vont pouvoir doubler les R sur la colonne "d" et attaquer la
faiblesse "d5"} a4 24. Rad1 $36 axb3 25. axb3 Qb7 26. Be5 {Provoque un nouveau
affaiblissement} f6 27. Bf4 Rb6 28. e4 $1 $40 Kf8 29. exd5 Bd6 30. Bxd6+ Rbxd6
31. Rc3 $1 g6 (31... Rxd5 $4 32. Rc5 ) 32. Rc6 $1 {[%csl Rb7,Gd5]
Une belle exploitation technique de l'avantage d'espace procuré par le P
passé "d5" qui doit tomber à terme mais qui est difficile à prendre} Qe7 {
Suite illisible et gain Blanc au 43ème coup} 1-0